 Dungeon Crawl Stone Soup version 0.32-a0-485-g70f7560b1c (webtiles) character file.

Game seed: 1862982334121212322

83624 javelincjr the Warrior (level 15, 0/146 HPs)
             Began as a Minotaur Fighter on Feb 26, 2024.
             Was the Champion of Beogh.
             Slain by a freezing wraith (2 damage)
             ... while petrified by a basilisk
             ... on level 14 of the Dungeon.
             The game lasted 01:19:09 (19375 turns).

javelincjr the Warrior (Minotaur Fighter)          Turns: 19375, Time: 01:19:09

Health: 0/146      AC: 16    Str: 35 (36) XL:     15   Next: 32%
Magic:  29/29      EV:  2    Int:  5      God:    Beogh [******]
Gold:   1282       SH:  0    Dex: 11      Spells: 14/14 levels left

rFire   + . .        O - +6 trident (heavy)
rCold   + . .        M - +0 tower shield
rNeg    + + +        Q - +0 chain mail of Understanding {Str+9 Stlth+}
rPois   ∞            b - +1 hat {Will+}
rElec   .            (no cloak)
rCorr   .            (no gloves)
SInv    .            x - +1 pair of boots
Will    ++...        l - amulet of reflection
Stlth   ++           f - ring of magical power
HPRegen 0.44/turn    a - ring of protection from fire
MPRegen 0.21/turn

%: reflection
@: petrified, slowed
A: walk on water, horns 2, retaliatory headbutt, cold resistance 1,
deterioration 1, subdued magic 1
a: Renounce Religion, Smiting, Recall Apostles, Blood for Blood, Dismiss Norbak,
warrior, Dismiss Korbok, priest, Dismiss Borgk, wizard


You were on level 14 of the Dungeon.
You worshipped Beogh.
Beogh was exalted by your worship.
You visited 3 branches of the dungeon, and saw 20 of its levels.
You also visited: Sewer and Ossuary.

You collected 1282 gold pieces.

Inventory:

Hand Weapons
 r - a +0 sling
 s - a +1 war axe
 u - a +2 dagger of venom
 K - a +3 flail of holy wrath
 O - a +6 heavy trident (weapon)
Missiles
 j - 25 poisoned darts (quivered)
 I - 6 curare-tipped darts
 L - 2 boomerangs
 P - 3 throwing nets
Armour
 b - a +1 hat of willpower (worn)
 c - a +0 buckler
 i - a +0 plate armour
 x - a +1 pair of boots (worn)
 M - a +0 tower shield (worn)
 Q - the +0 chain mail of Understanding (worn) {Str+9 Stlth+}
   (You found it on level 7 of the Dungeon)

   Str+9:     It affects your strength (+9).
   Stlth+:    It makes you more stealthy.
Jewellery
 a - a ring of protection from fire (right hand)
 f - a ring of magical power (left hand)
 l - an amulet of reflection (around neck)
 q - a ring of wizardry
 N - a ring of fire
 R - a ring of flight
 Y - an amulet of guardian spirit
Wands
 e - a wand of paralysis (19)
 p - a wand of mindburst (50)
 y - a wand of flame (12)
 D - a wand of iceblast (20)
 E - a wand of light (8)
 S - a wand of digging (7)
 V - a wand of polymorph (7)
Scrolls
 k - a scroll of fear
 n - a scroll of poison
 v - 3 scrolls of torment
 z - 6 scrolls of amnesia
 A - 8 scrolls of teleportation
 B - 3 scrolls of immolation
 G - 3 scrolls of vulnerability
 T - 3 scrolls of fog
 Z - 2 scrolls of noise
Potions
 d - 4 potions of might
 g - 6 potions of heal wounds
 m - 2 potions of berserk rage
 o - 4 potions of mutation
 t - 9 potions of curing
 w - a potion of resistance
 C - a potion of cancellation
 F - a potion of attraction {unknown}
 H - 3 potions of haste
 J - a potion of lignification
 U - 4 potions of enlightenment
 W - a potion of brilliance
Miscellaneous
 h - a lightning rod (2/4)
 X - a phantom mirror (inert)


   Skills:
 * Level 16.9 Fighting
 - Level 8.5(10.6) Axes
 + Level 10.0(11.4) Polearms
 + Level 12.5 Armour
 + Level 10.8 Dodging
 + Level 6.7 Stealth
 + Level 12.2 Shields
 + Level 8.2 Invocations
 + Level 7.3 Evocations


You had 14 spell levels left.
You didn't know any spells.
Your spell library contained the following spells:

 Spells                   Type           Power      Damage    Failure   Level
 Slow                     Hex            0%         N/A       96%         1
 Summon Small Mammal      Summ           0%         N/A       96%         1
 Blink                    Tloc           0%         N/A       99%         2
 Ensorcelled Hibernation  Hex/Ice        0%         N/A       99%         2
 Lesser Beckoning         Tloc           0%         N/A       99%         2
 Momentum Strike          Conj/Tloc      0%         3d8       99%         2
 Scorch                   Fire           0%         2d5       99%         2
 Call Canine Familiar     Summ           0%         N/A       100%        3
 Confusing Touch          Hex            0%         N/A       100%        3
 Fugue of the Fallen      Necr           0%         N/A       100%        3
 Ozocubu's Armour         Ice            0%         N/A       100%        3
 Sigil of Binding         Hex            0%         N/A       100%        3
 Tukima's Dance           Hex            0%         N/A       100%        3
 Vampiric Draining        Necr           0%         2d6       100%        3
 Anguish                  Hex/Necr       0%         N/A       100%        4
 Brom's Barrelling Bould  Conj/Erth      0%         2d3       100%        4
 Flame Wave               Conj/Fire      0%         2d4       100%        4
 Manifold Assault         Tloc           0%         N/A       100%        4
 Passage of Golubria      Tloc           0%         N/A       100%        4
 Summon Blazeheart Golem  Fire/Summ      0%         N/A       100%        4
 Alistair's Intoxication  Alch           0%         N/A       100%        5
 Borgnjor's Vile Clutch   Necr/Erth      0%         N/A       100%        5
 Fireball                 Conj/Fire      0%         3d3       100%        5
 Iskenderun's Battlesphe  Conj           0%         2d6       100%        5
 Yara's Violent Unravell  Hex/Alch       0%         3d3       100%        5
 Conjure Ball Lightning   Conj/Air       0%         3x3d6     100%        6
 Dispersal                Tloc           0%         N/A       100%        6
 Eringya's Noxious Bog    Alch           0%         4d6       100%        6
 Summon Cactus Giant      Summ           0%         N/A       100%        6
 Haunt                    Necr/Summ      0%         N/A       100%        7
 Orb of Destruction       Conj           0%         9d5       100%        7
 Borgnjor's Revivificati  Necr           0%         N/A       100%        8
 Disjunction              Tloc           0%         N/A       100%        8
 Death's Door             Necr           0%         N/A       100%        9


Dungeon Overview and Level Annotations

Branches:
Dungeon (12/15)            Temple (0/1) D:6            Lair (5/5) D:8
  Swamp (0/4) Lair:2        Snake (2/4) Lair:2        Slime (0/5) Lair:5
  Sewer (visited)         Ossuary (visited)
    Orc: D:9-12

Altars:
Ashenzari
Cheibriados
Dithmenos
Hepliaklqana
Qazlal
Ru
Sif Muna
Trog
Vehumet
Wu Jian
Yredelemnul
Jiyva

Annotations:
D:3 2 runed translucent doors, Tollund's ghost, amateur CoGl
D:9 3 runed translucent doors, 2 transporters


Innate Abilities, Weirdness & Mutations

You can walk on water.
Your facial features are unmistakably orcish.
You have a pair of horns on your head.
You reflexively headbutt those who attack you in melee.
Your flesh is cold resistant. (rC+)
Your body sometimes deteriorates upon taking damage.
Your spells are a little easier to cast, but a little less powerful.


Message History

Flames lash the boulder beetle.
The boulder beetle's fire resistance burns away.
The basilisk gazes at you. You resist with almost no effort.
The freezing wraith hits you. The freezing wraith freezes you! You resist.
* * * LOW HITPOINT WARNING * * *
The freezing wraith hits you.
* * * LOW HITPOINT WARNING * * *
The boulder beetle misses Borgk.
The fire elemental hits you. The fire elemental burns you! You resist.
* * * LOW HITPOINT WARNING * * *
The cyclops hits you!!
* * * LOW HITPOINT WARNING * * *
The fire elemental hits you. The fire elemental burns you! You resist.
* * * LOW HITPOINT WARNING * * *
Borgk casts a spell.
Borgk blinks!
The basilisk bites you but does no damage.
The freezing wraith hits you but does no damage.
The freezing wraith hits you!
* * * LOW HITPOINT WARNING * * *
The freezing wraith drains your vigour!
You feel as though you will be slow longer.
The deep elf pyromancer mumbles some strange words.
The fire elemental hits you. The fire elemental burns you! You resist.
* * * LOW HITPOINT WARNING * * *
Borgk gestures wildly while chanting.
Flames lash the basilisk.
The basilisk's fire resistance burns away.
The cyclops hits you.
* * * LOW HITPOINT WARNING * * *
The basilisk gazes at you. You resist with almost no effort.
The boulder beetle curls into a ball and begins rolling!
The freezing wraith hits you.
* * * LOW HITPOINT WARNING * * *
The freezing wraith freezes you! You resist.
* * * LOW HITPOINT WARNING * * *
The freezing wraith hits you.
You die...

......................#
(.....................#
......................##
.....)....)............#
..........#............#
......(...#.......o....#
.....†...###...........#
.........# #..E.e....B..
........## ##...@l......
........# #..EWC......
.......## ##..E.......
.......# #..........
....#.). .}.#.......
#...#.......
.##.#..)$... .# #.
...)!#.


You could see a boulder beetle (rolling, distracted, poisoned, combustible,
drained, target of vengeance), a cyclops (target of vengeance), a freezing
wraith (target of vengeance), a deep elf pyromancer (target of vengeance), a
basilisk (combustible, ally target, target of vengeance), 3 fire elementals and
the friendly Borgk the orc apostle.

Vanquished Creatures
  Agnes (Snake:2)
  5 hydras
  A catoblepas (Lair:4)
  6 two-headed ogres
  2 anacondas (Snake:1)
  A boulder beetle (D:14)
  A tengu warrior (D:14)
  A naga warrior (Snake:2)
  A centaur warrior (D:14)
  5 death yaks
  Nergalle (Lair:3)
  A skyshark (Lair:5)
  A skeletal warrior (D:14)
  An orange crystal statue (D:9)
  A mana viper (Snake:1)
  A salamander (Lair:2)
  3 cyclopes
  3 manticores
  An oklob plant (Lair:3)
  6 elephants
  6 black mambas
  Maggie (D:6)
  A naga mage (Snake:1)
  A torpor snail (Lair:1)
  A gargoyle (D:10)
  9 komodo dragons
  9 cane toads
  4 rime drakes
  A kobold demonologist (D:9)
  5 trolls
  2 ice devils (D:11)
  A hornet (Lair:3)
  3 blink frogs
  A raiju (shapeshifter) (D:14)
  6 slime creatures
  2 shadows
  A wraith (D:11)
  4 wyverns
  51 yaks
  2 vampires
  A basilisk (Lair:3)
  A steam dragon (D:8)
  6 nagas
  6 water moccasins
  3 hell hounds (Snake:2)
  An orc warrior (D:8)
  7 black bears
  An ice beast (D:7)
  An ogre (D:4)
  Pargi (Sewer)
  A black bear (shapeshifter) (D:14)
  9 wolves
  2 centaurs
  2 phantoms
  3 kobold brigands
  2 elf zombies (Ossuary)
  A brain worm (Sewer)
  4 bullfrogs
  5 scorpions
  5 wights
  5 howler monkeys
  An electric eel (D:11)
  A lava snake (Lair:2)
  2 bombardier beetles
  5 human zombies (Ossuary)
  2 hounds
  2 orc priests
  A jelly (D:7)
  6 iguanas
  6 orc wizards
  2 hell rats (Lair:4)
  2 crocodile zombies (Ossuary)
  2 spectral hounds (Ossuary)
  4 mummies (Ossuary)
  8 gnolls
  9 adders
  An ufetubus (D:6)
  A spectral adder (Ossuary)
  4 ribbon worms
  2 spectral gnolls (Ossuary)
  2 dart slugs
  6 adder simulacra (Ossuary)
  6 orcs
  7 ball pythons
  11 bats
  5 endoplasms
  5 giant cockroaches
  2 hobgoblins (D:3)
  3 jackals (D:1)
  13 kobolds
  7 quokkas
  A gnoll simulacrum (Ossuary)
  3 gnoll zombies (Ossuary)
  8 goblins
  2 jackal simulacra (Ossuary)
  4 kobold zombies (Ossuary)
  9 orc zombies (Ossuary)
  A quokka zombie (D:4)
  7 rats
  A rat zombie (D:4)
  3 spectral jackals (Ossuary)
388 creatures vanquished.

Vanquished Creatures (collateral kills)
  Gastronok (D:8)
  2 dire elephants
  A hydra (Lair:5)
  2 catoblepae
  5 death yaks
  A deep troll shaman (Lair:5)
  2 naga warriors
  Urug (Lair:3)
  2 naga sharpshooters
  A naga ritualist (Snake:1)
  An oklob plant (Lair:3)
  2 cyclopes (D:14)
  A salamander (Snake:2)
  Joseph (Lair:1)
  10 elephants
  7 cane toads
  8 black mambas
  2 naga magi
  5 komodo dragons
  A rime drake (Lair:2)
  Psyche (D:12)
  An ice devil (Lair:4)
  A polar bear (Lair:3)
  A hornet (D:9)
  7 blink frogs
  A dream sheep (Lair:4)
  4 slime creatures
  5 wyverns
  24 yaks
  Edmund (D:6)
  2 basilisks
  A vampire mosquito (D:14)
  5 nagas
  3 water moccasins
  4 black bears
  8 wolves
  A phantom (D:6)
  A gnoll sergeant (D:8)
  9 bullfrogs
  4 wights
  2 lava snakes (Lair:2)
  A bombardier beetle (D:6)
  2 hell rats (Lair:4)
  4 orc wizards
  3 gnolls (D:8)
  An ufetubus (D:6)
  3 orcs
  A kobold (D:7)
  25 foxfires
182 creatures vanquished.

Vanquished Creatures (others)
  9 orc apostles
  A naga (Snake:2)
  5 orc priests
  3 orc wizards
  4 orcs
  A frilled lizard (D:3)
  251 foxfires
274 creatures vanquished.

Grand Total: 844 creatures vanquished

Notes
Turn   | Place    | Note
-------+----------+-------------------------------------------
     0 | D:1      | javelincjr the Minotaur Fighter began the quest for the
                  | Orb.
     0 | D:1      | Reached XP level 1. HP: 19/19 MP: 0/0
   126 | D:1      | Reached XP level 2. HP: 27/27 MP: 1/1
   130 | D:1      | Reached skill level 4 in Fighting
   660 | D:2      | Reached skill level 1 in Dodging
   660 | D:2      | Reached XP level 3. HP: 29/33 MP: 2/2
  1519 | D:3      | Reached XP level 4. HP: 23/41 MP: 3/3
  1731 | D:3      | Found a large runed translucent door.
  1731 | D:3      | Found a large runed translucent door.
  1733 | D:3      | Noticed Tollund's ghost (amateur CoGl)
  1789 | D:3      | Became a worshipper of Beogh the Shepherd
  2522 | D:4      | Noticed an ogre
  2531 | D:4      | Killed an ogre
  2532 | D:4      | Reached skill level 5 in Fighting
  2532 | D:4      | Reached XP level 5. HP: 16/48 MP: 4/4
  2711 | D:4      | Noticed a black bear
  2714 | D:4      | Noticed a phantom
  2722 | D:4      | Killed a black bear
  2723 | D:4      | Reached XP level 6. HP: 30/57 MP: 5/5
  2727 | D:4      | Gained mutation: Your flesh is cold resistant. (rC+)
                  | [potion of mutation]
  2727 | D:4      | Gained mutation: Your body sometimes deteriorates upon
                  | taking damage. [potion of mutation]
  2727 | D:4      | Gained mutation: Your spells are a little easier to cast,
                  | but a little less powerful. [potion of mutation]
  2735 | D:4      | Reached skill level 6 in Fighting
  2735 | D:4      | Reached skill level 5 in Armour
  2781 | D:4      | Found a sand-covered staircase.
  2790 | Ossuary  | Entered an ossuary
  2924 | Ossuary  | Reached * piety under Beogh
  3030 | Ossuary  | Reached XP level 7. HP: 62/63 MP: 6/6
  3057 | Ossuary  | Reached skill level 5 in Shields
  3183 | Ossuary  | Reached ** piety under Beogh
  3240 | Ossuary  | Reached skill level 7 in Fighting
  3343 | D:4      | Reached skill level 5 in Axes
  3689 | D:5      | Entered Level 5 of the Dungeon
  3723 | D:5      | Reached XP level 8. HP: 73/73 MP: 7/7
  3895 | D:5      | Reached skill level 8 in Fighting
  4046 | D:5      | Found a radiant altar of Vehumet.
  4567 | D:6      | Found a glowing drain.
  4569 | D:6      | Noticed a two-headed ogre
  4584 | D:6      | Killed a two-headed ogre
  4585 | D:6      | Reached skill level 9 in Fighting
  4585 | D:6      | Reached skill level 5 in Dodging
  4585 | D:6      | Reached XP level 9. HP: 7/83 MP: 8/8
  4777 | Sewer    | Entered a sewer
  4785 | Sewer    | Reached *** piety under Beogh
  4843 | Sewer    | Noticed Pargi
  4856 | Sewer    | Killed Pargi
  4922 | D:6      | Noticed Norbak
  4941 | D:6      | Anointed Norbak the warrior as your apostle
  5022 | D:6      | Found a staircase to the Ecumenical Temple.
  5063 | D:6      | Noticed Edmund
  5070 | D:6      | Killed Edmund
  5204 | D:6      | Noticed Maggie
  5218 | D:6      | Killed Maggie
  5340 | D:6      | Reached skill level 10 in Fighting
  6051 | D:7      | Found a snail-covered altar of Cheibriados.
  6051 | D:7      | Found a broken altar of Ashenzari.
  6407 | D:7      | Identified the +0 chain mail of Understanding {Str+9
                  | Stlth+}
  6496 | D:7      | Identified the +2 dagger "Lionwargh" {freeze, rPois}
  6496 | D:7      | Noticed Orkidu
  6501 | D:7      | Reached XP level 10. HP: 94/94 MP: 9/9
  6511 | D:7      | Anointed Orkidu the wizard as your apostle
  6903 | D:8      | Reached skill level 1 in Polearms
  6903 | D:8      | Reached skill level 1 in Invocations
  6911 | D:8      | Reached skill level 1 in Evocations
  6923 | D:8      | Noticed Gastronok
  6929 | D:8      | Reached skill level 11 in Fighting
  6941 | D:8      | Killed Gastronok
  6941 | D:8      | Reached **** piety under Beogh
  7060 | D:8      | Found a hazy altar of Hepliaklqana.
  7060 | D:8      | Found a basalt altar of Yredelemnul.
  7232 | D:8      | Found a staircase to the Lair.
  7482 | D:9      | Noticed a two-headed ogre
  7488 | D:9      | Killed a two-headed ogre
  7489 | D:9      | Reached XP level 11. HP: 104/104 MP: 12/12
  7593 | D:9      | Found an ornate altar of the Wu Jian Council.
  7703 | D:9      | Found a bloodstained altar of Trog.
  7753 | D:9      | Found a runed translucent door.
  7768 | D:9      | Found a runed translucent door.
  7770 | D:9      | Found a shadowy altar of Dithmenos.
  7776 | D:9      | Paralysed by a hornet for 1 turns
  7794 | D:9      | Found a runed translucent door.
  7813 | D:9      | Found a runed translucent door.
  7840 | D:9      | Noticed an orange crystal statue
  7876 | D:9      | Killed an orange crystal statue
  7877 | D:9      | Reached skill level 12 in Fighting
  8059 | D:9      | Found a stormy altar of Qazlal.
  8066 | D:9      | Found a transporter.
  8147 | D:9      | Found a transporter.
  8150 | D:9      | Found a shimmering blue altar of Sif Muna.
  8162 | D:9      | Noticed a centaur warrior
  8163 | D:9      | Found a sacrificial altar of Ru.
  8268 | Lair:1   | Entered Level 1 of the Lair of Beasts
  8341 | Lair:1   | Reached skill level 1 in Stealth
  8571 | Lair:1   | Found a hazy altar of Hepliaklqana.
  8578 | Lair:1   | Noticed Joseph
  8590 | Lair:1   | Killed Joseph
  8753 | Lair:1   | Noticed a death yak
  8760 | Lair:1   | Your ally Norbak died
  8766 | Lair:1   | Killed a death yak
  8783 | Lair:1   | Identified the +9 war axe "Regazis" {flame, Dex+2 Stlth+}
  8783 | Lair:1   | Noticed Korbok
  8798 | Lair:1   | Anointed Korbok the priest as your apostle
  8988 | Lair:1   | You fall into a shaft and drop 1 floor!
  9002 | Lair:2   | Reached skill level 5 in Polearms
  9383 | Lair:2   | Reached XP level 12. HP: 113/113 MP: 14/14
  9386 | Lair:2   | Reached skill level 13 in Fighting
  9412 | Lair:2   | Reached ***** piety under Beogh
  9433 | Lair:2   | Found a staircase to the Swamp.
  9683 | Lair:2   | Found a staircase to the Snake Pit.
  9734 | Lair:2   | Noticed a five-headed hydra
  9740 | Lair:2   | Killed a five-headed hydra
  9827 | Lair:2   | Reached skill level 10 in Armour
 10053 | Lair:2   | Reached skill level 5 in Invocations
 10412 | Lair:3   | Reached skill level 10 in Shields
 10518 | Lair:3   | Reached skill level 14 in Fighting
 10682 | Lair:3   | Noticed a catoblepas
 10707 | Lair:3   | Reached skill level 5 in Evocations
 10715 | Lair:3   | Noticed a dire elephant
 10718 | Lair:3   | Reached XP level 13. HP: 96/124 MP: 16/16
 10723 | Lair:3   | Killed a dire elephant
 10731 | Lair:3   | Noticed Nergalle
 10758 | Lair:3   | Killed Nergalle
 10797 | Lair:3   | Noticed Urug
 10987 | Lair:3   | Killed Urug
 11306 | Lair:3   | Your ally Orkidu died
 12303 | Lair:4   | Reached skill level 15 in Fighting
 12307 | Lair:4   | Reached skill level 5 in Stealth
 12308 | Lair:4   | Identified the +1 robe of Wu Jian's Benevolence {rPois}
 12308 | Lair:4   | Noticed Hawl
 12322 | Lair:4   | Your ally Norbak died
 12325 | Lair:4   | Anointed Hawl the wizard as your apostle
 12475 | Lair:4   | Reached ****** piety under Beogh
 13178 | Lair:5   | Entered Level 5 of the Lair of Beasts
 13317 | Lair:5   | Found a staircase to the Slime Pits.
 13318 | Lair:5   | Found a viscous altar of Jiyva.
 13602 | Lair:5   | Reached XP level 14. HP: 106/135 MP: 18/18
 14186 | Lair:5   | Your ally Hawl died
 14233 | Lair:5   | Reached skill level 10 in Dodging
 14952 | Snake:1  | Entered Level 1 of the Snake Pit
 15537 | Snake:1  | Found a bloodstained altar of Trog.
 15620 | Snake:1  | Reached skill level 16 in Fighting
 16177 | Snake:2  | Your ally Norbak died
 16178 | Snake:2  | Your ally Hawl died
 16180 | Snake:2  | Your ally Korbok died
 16309 | Snake:2  | Noticed Agnes
 16322 | Snake:2  | Killed Agnes
 16777 | D:10     | Entered Level 10 of the Dungeon
 17977 | D:11     | Reached XP level 15. HP: 145/145 MP: 19/19
 18384 | D:11     | Anointed Borgk the wizard as your apostle
 18901 | D:12     | Noticed Psyche
 18903 | D:12     | Killed Psyche
 19102 | D:12     | You fall into a shaft and drop 2 floors!
 19317 | D:14     | Reached skill level 10 in Polearms
 19319 | D:14     | Your ally Korbok died
 19369 | D:14     | Your ally Norbak died
 19375 | D:14     | HP: 7/146 [cyclops (2)]
 19375 | D:14     | HP: 2/146 [freezing wraith (3)]
 19375 | D:14     | Slain by a freezing wraith

Illustrated notes

Levels and vault maps discovered:
D:1:      reono_arrival_forest_river, layout_rooms, minmay_hedge_maze
D:2:      layout_basic
D:3:      layout_basic, ebering_ghost_disaster_area, minmay_quadrilaterals
D:4:      layout_cave_pools, enter_ossuary_4
D:5:      layout_loops_ring, vehumet_altar_wand_db, roderic_lattice_a
D:6:      layout_basic, minmay_temple_entry_antechambers, gup_sewer_entry_glass,
          uniq_maggie, uniq_edmund
D:7:      layout_cave_pods, chequers_temple_overflow_statue_of_worship,
          grunt_ministairs_7, kennysheep_nondescript, minmay_gold_behind_fungi,
          kennysheep_dice
D:8:      layout_rooms, gammafunk_temple_overflow_statue,
          minmay_lair_entry_grove, uniq_gastronok
D:9:      layout_big_octagon, nicolae_dithmenos_through_a_glass_darkly,
          mainiacjoe_overflow_divided_tiny, nicolae_qazlal_style_of_elements,
          gammafunk_temple_overflow_arena, minmay_statue_crystal_thing
D:10:     layout_roguey
D:11:     argonaut_augean_stables, layout_cave_pods, nicolae_the_louvre
D:12:     layout_cave_pods, orc_0_dummy, uniq_psyche
D:14:     minmay_the_grid_four_pointed_star_mashed
          [minmay_the_grid_triangle_9x9_sparse_checkered,
          minmay_the_grid_triangle_9x9_cache,
          minmay_the_grid_triangle_9x9_thin_v,
          minmay_the_grid_triangle_9x9_tough_junction,
          minmay_the_grid_prize_four_corners_diamond_b], layout_irregular_city,
          david_vaults_4, serial_bayou_ford_a, gauntlet_entry_generic
Lair:1:   layout_regular_city, basic_altar, wad_woods_river_01,
          lemuel_fruit_tree, uniq_joseph
Lair:2:   layout_roguey, swamp_mist, nicolae_snake_entry_warm_welcome,
          beast_lair_carwin_10
Lair:3:   layout_small_grid, nicolae_lair_grazing_beasts
          [nicolae_sub_lair_graze_edge, nicolae_sub_lair_graze_edge,
          nicolae_sub_lair_graze_edge, nicolae_sub_lair_graze_edge],
          uniq_nergalle, uniq_urug
Lair:4:   layout_roguey, chequers_serial_rivers_marsh, beast_lair_carwin_11
Lair:5:   grunt_lair_end_beastmaster, layout_regular_city, slime_entry_1
Snake:1:  layout_grid_shapes, basic_altar
Snake:2:  layout_misc_corridors, basic_altar, serial_bayou_shore_b, uniq_azrael,
          uniq_vashnia, uniq_agnes

Skill      XL: |  1  2  3  4  5  6  7  8  9 10 11 12 13 14 15 |
---------------+----------------------------------------------+-----
Fighting       | 4 5 6 7 9 10 11 12 14 15 16 | 16.9
Dodging        | 1 2 3 5 6 7 8 9 10 | 10.8
Armour         | 4 5 7 8 9 10 11 12 | 12.5
Axes           | 3 4 5 6 7 8 |  8.5
Shields        | 4 5 6 7 8 9 10 11 12 | 12.2
Polearms       | 3 5 6 8 9 10 | 10.0
Invocations    | 2 4 5 6 7 8 |  8.2
Evocations     | 2 3 5 6 7 |  7.3
Stealth        | 2 4 5 6 |  6.7

Action                     |  1- 3 |  4- 6 |  7- 9 | 10-12 | 13-15 || total
---------------------------+-------+-------+-------+-------+-------++-------
  Melee: War axe           |   189 |   128 |   236 |       |       ||   553
         Headbutt          |    53 |    20 |    47 |    61 |   142 ||   323
         Trident           |       |       |    27 |   313 |   568 ||   908
   Fire: Sling             |       |       |       |       |   120 ||   120
  Throw: Dart              |       |       |     2 |     3 |     6 ||    11
 Invoke: Convert to Beogh  |       |     1 |       |       |       ||     1
         Recruit Apostle   |       |       |     1 |     2 |     2 ||     5
         Recall Apostles   |       |       |       |     7 |     5 ||    12
         Smiting           |       |       |       |     2 |     1 ||     3
         Dismiss Apostle   |       |       |       |       |     2 ||     2
         Blood for Blood   |       |       |       |       |     1 ||     1
  Evoke: Wand              |       |       |     4 |     3 |       ||     7
         Lightning rod     |       |       |       |       |     4 ||     4
         Phantom mirror    |       |       |       |       |     1 ||     1
    Use: Scroll            |       |     5 |     5 |     2 |    10 ||    22
         Potion            |       |     3 |     2 |       |     2 ||     7
   Stab: Distracted        |       |       |     1 |     4 |    10 ||    15
         Petrifying        |       |       |       |     1 |       ||     1
         Petrified         |       |       |       |       |     7 ||     7
         Confused          |       |       |       |       |     3 ||     3
         Sleeping          |       |       |       |       |     1 ||     1
 Armour: Scale mail        |    65 |    70 |   158 |       |       ||   293
         Chain mail        |       |       |     1 |   122 |   305 ||   428
  Dodge: Dodged            |    50 |    38 |   115 |    62 |   136 ||   401
  Block: Buckler           |    18 |    68 |   141 |    91 |   123 ||   441
         Reflection        |       |       |       |     7 |    18 ||    25
         Tower shield      |       |       |       |       |   244 ||   244

Table legend: (Time is in decaauts)
 A = Elapsed time spent in this place.
 B = Non-inter-level travel time spent in this place.
 C = Inter-level travel time spent in this place.
 D = Time resting spent in this place.
 E = Time spent auto-exploring this place.
 F = Levels seen in this place.
 G = Mean time per level.
                   A        B        C        D        E       F      G
               +--------+--------+--------+--------+--------+-----+--------+
         Total |  19622 |  18881 |    741 |   1894 |  13111 |  22 |  891.9 |
       Dungeon |  10506 |  10120 |    386 |    478 |   7434 |  13 |  808.2 |
          Lair |   6676 |   6434 |    242 |    583 |   4780 |   5 | 1335.2 |
     Snake Pit |   1736 |   1624 |    112 |    729 |    607 |   2 |  868.0 |
         Sewer |    136 |    136 |      0 |      0 |     65 |   1 |  136.0 |
       Ossuary |    566 |    566 |      0 |    104 |    224 |   1 |  566.0 |
               +--------+--------+--------+--------+--------+-----+--------+

Top non-repeatable levels by time:
  Lair:3: 1714 daAuts
  Lair:5: 1671 daAuts
    D:11: 1529 daAuts
 Snake:1: 1403 daAuts
  Lair:4: 1268 daAuts
     D:3: 1249 daAuts
     D:6: 1179 daAuts
     D:7: 1078 daAuts
  Lair:2: 1011 daAuts
  Lair:1: 1010 daAuts
     D:5: 853 daAuts
     D:9: 833 daAuts
     D:2: 706 daAuts
     D:4: 675 daAuts
    D:10: 667 daAuts
